 Dungeon Crawl Stone Soup version 0.30.0-29-ga12c61a403 (webtiles) character file.

Game seed: 6881778668295882112

3682 qw the Cleaver (level 10, -2/65 HPs)
             Began as a Gargoyle Fighter on June 5, 2023.
             Was an Initiate of Okawaru.
             Slain by a sun demon (16 damage)
             ... summoned by a kobold demonologist
             ... on level 8 of the Dungeon.
             The game lasted 00:03:45 (7470 turns).

qw the Cleaver (Gargoyle Fighter)                   Turns: 7470, Time: 00:03:45

Health: -2/65      AC: 22    Str: 23    XL:     10   Next: 13%
Magic:  10/10      EV: 13    Int: 10    God:    Okawaru [......]
Gold:   281        SH:  4    Dex:  9    Spells: 9/9 levels left

rFire   . . .        Y - +0 broad axe
rCold   . . .        c - +0 buckler
rNeg    + . .        o - +0 chain mail
rPois   inf          s - +1 helmet
rElec   +            (no cloak)
rCorr   .            l - +0 pair of gloves
SInv    +            h - +0 pair of boots
Will    .....        (no amulet) Stlth
                     j - ring of see invisible
HPRegen 0.30/turn    m - +5 ring of evasion
MPRegen 0.12/turn

%: no passive effects
@: no status effects
A: sickness immunity, AC +7, negative energy resistance 1, electricity
resistance, torment resistance 1, petrification resistance
a: Renounce Religion


You were on level 8 of the Dungeon.
You worshipped Okawaru.
Okawaru was noncommittal.
You visited 2 branches of the dungeon, and saw 9 of its levels.

You collected 346 gold pieces.
You spent 65 gold pieces at shops.


Innate Abilities, Weirdness & Mutations

You are immune to sickness and miasma.
Your stone body is resilient. (AC +7)
You are immune to poison.
You resist negative energy. (rN+)
You are resistant to electric shocks. (rElec)
You are resistant to unholy torment.
You are immune to petrification.


   Skills:
 - Level 8.5 Fighting
 - Level 10.1 Axes
 - Level 1.0 Throwing
 - Level 6.1 Armour
 - Level 1.0 Dodging
 + Level 4.2 Shields
 - Level 1.3 Invocations


You had 9 spell levels left.
You didn't know any spells.
Your spell library was empty.

Inventory:

Hand Weapons
 n - a +0 flail of draining
 Y - a +0 broad axe (weapon)
Missiles
 x - 2 boomerangs (quivered)
Armour
 c - a +0 buckler (worn)
 h - a +0 pair of boots (worn)
 l - a +0 pair of gloves (worn)
 o - a +0 chain mail (worn)
 r - a +0 plate armour
 s - a +1 helmet (worn)
 v - the +0 plate armour of Makhleb's Grace {rN+ Slay-5 SInv}
   (You found it on level 6 of the Dungeon)

   Slay:      It affects your accuracy & damage with ranged weapons and melee
   (-5).
   rN:        It protects you from negative energy.
   SInv:      It lets you see invisible.
Jewellery
 b - an amulet of guardian spirit
 j - a ring of see invisible (left hand)
 m - a +5 ring of evasion (right hand)
 w - a ring of resist corrosion
 y - a +4 ring of protection
Scrolls
 a - a scroll of identify
 f - a scroll of teleportation
 t - a scroll of vulnerability {unknown}
Potions
 d - 2 potions of might
 e - 3 potions of curing
 g - a potion of magic
 i - a potion of haste
 k - a potion of resistance
 p - 2 potions of lignification
 q - 2 potions of cancellation
 u - 3 potions of attraction

Dungeon Overview and Level Annotations

Branches:
Dungeon (8/15)             Temple (1/1) D:6
   Lair: D:8-11

Altars:
Ashenzari
Dithmenos
Elyvilon
Fedhas
Gozag
Hepliaklqana
Kikubaaqudgha
Makhleb
Nemelex Xobeh
Okawaru
Qazlal
Ru
Sif Muna
Trog
Uskayaw
Vehumet
Wu Jian
Xom
Yredelemnul
Zin
The Shining One

Shops:
D:6 *


Message History

The kobold demonologist mumbles some strange words.
You barely miss the sun demon. You block the sun demon's attack.
You slash the sun demon!
The sun demon is lightly wounded.
The sun demon barely misses you.
You slash the sun demon!
The sun demon is moderately wounded.
You barely miss the kobold demonologist.
The sun demon barely misses you.
The crimson imp blinks!
The kobold demonologist barely misses you.
The sun demon hits you but does no damage.
You hit the sun demon.
The sun demon is moderately wounded.
You hit the kobold demonologist. The sun demon hits you.
You are engulfed in flames!
The kobold demonologist mumbles some strange words.
You slash the sun demon!
The sun demon is heavily wounded.
You slash the kobold demonologist! You barely miss the neqoxec.
The sun demon misses you.
The kobold demonologist hits you with a +0 dagger.
The neqoxec hits you. The sun demon hits you.
You are engulfed in flames!
You slash the sun demon!
The sun demon is almost dead.
You closely miss the kobold demonologist.
You closely miss the neqoxec.
The crimson imp picks up a beetle and eats it.
The kobold demonologist casts a spell.
The sun demon misses you.
The neqoxec hits you but does no damage.
You hit the sun demon.
The sun demon is almost dead.
You barely miss the crimson imp.
You closely miss the kobold demonologist.
You slash the neqoxec! You completely miss the crimson imp.
The shadow imp disappears in a puff of smoke!
The crimson imp disappears in a puff of smoke!
The sun demon hits you!
You are engulfed in flames!
You die...

##########.#. #.#
#.#.###.#######
##########.#............
...........##........###
##.######..##........#
........#..##..5.....#
#...###.#..##..¤.....#
#...# #.#..##.53K¤...#
#...# #.#..#####@##########
#...###.#......53.........#
#.......#.....###########.#
#<.####.....### #.# #..#
#.#>..# #.# #.#####.#.#.#
#.# ........#.#.# #.#
#.#######.#.# #.# #.# #.#.#
#.#


You could see a sun demon (summoned), a kobold demonologist, a neqoxec
(summoned), an iron imp (summoned), a crimson imp (summoned) and a shadow imp
(summoned).

Vanquished Creatures
  A kobold demonologist (D:8)
  2 wyverns (D:8)
  2 humans (D:7)
  A steam dragon (D:8)
  A water moccasin (D:7)
  2 ice beasts
  A black bear (D:6)
  2 orc warriors (D:8)
  4 phantoms
  A kobold brigand (D:5)
  4 bullfrogs
  4 scorpions
  5 wights (D:8)
  A howler monkey (D:8)
  2 gnoll boudas
  3 hounds
  3 jellies
  2 orc priests
  3 sleepcaps
  An iguana (D:6)
  13 orc wizards
  A mummy (D:7)
  13 gnolls
  3 adders
  3 ufetubi
  A worm (D:4)
  3 dart slugs
  21 orcs
  5 ball pythons
  6 endoplasms
  7 giant cockroaches
  8 goblins
  7 hobgoblins
  16 kobolds
  A quokka (D:1)
  7 bats
  4 frilled lizards
  A hobgoblin zombie (D:7)
  3 orc zombies (D:7)
  3 rats
171 creatures vanquished.

Notes
Turn   | Place    | Note
-------+----------+-------------------------------------------
     0 | D:1      | qw the Gargoyle Fighter began the quest for the Orb.
     0 | D:1      | Reached XP level 1. HP: 14/14 MP: 1/1
     0 | D:1      | 0 ||| qw: Version: 0.2-a-108-gee2c290
     0 | D:1      | 0 ||| qw: Game counter: 1495
     0 | D:1      | 0 ||| qw: Always use a shield: true
     0 | D:1      | 0 ||| qw: God list: Okawaru
     0 | D:1      | 0 ||| qw: Allow faded altars: false
     0 | D:1      | 0 ||| qw: Do Orc after D:15 true
     0 | D:1      | 0 ||| qw: Do second Lair branch before Depths: true
     0 | D:1      | 0 ||| qw: Lair rune preference: random
     0 | D:1      | 0 ||| qw: Plans: Normal, Zot:1-4, Slime:5, God:TSO, Crypt,
                  | Tomb, Abyss, Pan, Hells, Win
     0 | D:1      | 0 ||| PLANNING D:1-11
    41 | D:1      | Reached skill level 2 in Axes
    79 | D:1      | Reached XP level 2. HP: 19/19 MP: 2/2
   503 | D:1      | Reached skill level 3 in Axes
   791 | D:1      | Reached XP level 3. HP: 21/23 MP: 3/3
   943 | D:1      | 943 ||| UPGRADING to +4 ring mail.
   953 | D:1      | 953 ||| DROPPING +0 scale mail.
   954 | D:1      | 954 ||| UPGRADING to +0 pair of boots.
   959 | D:1      | 959 ||| UPGRADING to ring of see invisible.
   960 | D:1      | 960 ||| READING scroll labelled UBBANN YTIMEO.
   992 | D:2      | 992 ||| STAIRDANCE
  1014 | D:1      | 1014 ||| DROPPING +0 club.
  1037 | D:2      | 1037 ||| DROPPING +0 whip.
  1070 | D:2      | 1070 ||| Stepping ~*~*~tactically~*~*~ (stealth).
  1071 | D:2      | 1071 ||| Stepping ~*~*~tactically~*~*~ (stealth).
  1072 | D:2      | 1072 ||| Stepping ~*~*~tactically~*~*~ (stealth).
  1160 | D:2      | Reached XP level 4. HP: 28/28 MP: 4/4
  1161 | D:2      | 1161 ||| Stepping ~*~*~tactically~*~*~ (stealth).
  1162 | D:2      | 1162 ||| Stepping ~*~*~tactically~*~*~ (stealth).
  1200 | D:2      | 1200 ||| Stepping ~*~*~tactically~*~*~ (stealth).
  1214 | D:2      | Reached skill level 4 in Axes
  1217 | D:2      | Identified the +5 hand axe of Ignis, Charming {antimagic,
                  | Contam Int+3 SInv}
  1219 | D:2      | 1219 ||| DROPPING +5 hand axe of Ignis, Charming
                  | {antimagic, Contam Int+3 SInv}.
  1305 | D:2      | Found a faded altar of an unknown god.
  1573 | D:2      | 1573 ||| UPGRADING to +5 ring of evasion.
  1574 | D:2      | 1574 ||| READING 2 scrolls labelled IKOMIE JALU.
  1575 | D:2      | 1575 ||| READING scroll labelled LIORORGHOKK.
  1670 | D:3      | 1670 ||| Stepping ~*~*~tactically~*~*~ (hiding).
  1683 | D:3      | 1683 ||| FLEEEEING.
  1690 | D:3      | 1690 ||| FLEEEEING.
  1691 | D:3      | 1691 ||| FLEEEEING.
  1692 | D:3      | 1692 ||| FLEEEEING.
  1693 | D:3      | 1693 ||| FLEEEEING.
  1715 | D:3      | 1715 ||| DROPPING +0 flail.
  1724 | D:3      | Found a blossoming altar of Fedhas.
  1791 | D:3      | Reached XP level 5. HP: 31/32 MP: 5/5
  1882 | D:3      | 1882 ||| Stepping ~*~*~tactically~*~*~ (stealth).
  1956 | D:3      | 1956 ||| Stepping ~*~*~tactically~*~*~ (stealth).
  2189 | D:3      | 2189 ||| UPGRADING to +0 pair of gloves.
  2194 | D:3      | 2194 ||| UPGRADING to +0 chain mail.
  2204 | D:3      | 2204 ||| DROPPING +4 ring mail.
  2205 | D:3      | 2205 ||| UPGRADING to amulet of guardian spirit.
  2210 | D:3      | 2210 ||| DRINKING 2 ruby potions.
  2211 | D:3      | 2211 ||| READING 3 scrolls of identify.
  2211 | D:3      | 2211 ||| IDENTIFYING coppery potion
  2212 | D:3      | 2212 ||| READING 2 scrolls of identify.
  2212 | D:3      | 2212 ||| IDENTIFYING lumpy green potion
  2213 | D:3      | 2213 ||| DROPPING potion of flight.
  2233 | D:4      | Found an opulent altar of Gozag.
  2233 | D:4      | Found a shadowy altar of Dithmenos.
  2267 | D:4      | Reached skill level 5 in Axes
  2271 | D:4      | 2271 ||| FLEEEEING.
  2272 | D:4      | 2272 ||| FLEEEEING.
  2273 | D:4      | 2273 ||| STAIRDANCE
  2326 | D:4      | Reached XP level 6. HP: 36/38 MP: 6/6
  2952 | D:4      | 2952 ||| Stepping ~*~*~tactically~*~*~ (stealth).
  3493 | D:4      | 3493 ||| UPGRADING to +1 helmet.
  3498 | D:4      | 3498 ||| READING scroll labelled CEDUDDU YCEURGH.
  3499 | D:4      | 3499 ||| READING scroll labelled LUEMAKLI GOVU.
  3513 | D:5      | Entered Level 5 of the Dungeon
  3538 | D:5      | Reached skill level 6 in Axes
  3624 | D:5      | 3624 ||| Stepping ~*~*~tactically~*~*~ (stealth).
  3632 | D:5      | Reached skill level 1 in Dodging
  3641 | D:5      | Reached XP level 7. HP: 39/43 MP: 5/7
  3673 | D:5      | 3673 ||| Stepping ~*~*~tactically~*~*~ (hiding).
  3724 | D:5      | 3724 ||| Stepping ~*~*~tactically~*~*~ (hiding).
  3743 | D:5      | Reached skill level 7 in Axes
  3774 | D:5      | 3774 ||| Stepping ~*~*~tactically~*~*~ (stealth).
  4052 | D:5      | Found a stormy altar of Qazlal.
  4177 | D:5      | Reached XP level 8. HP: 49/49 MP: 8/8
  4186 | D:5      | You fall into a shaft and drop 1 floor!
  4315 | D:6      | Found Kaodiruck's General Store.
  4319 | D:6      | 4319 ||| READING scroll labelled VOEHAT XUDITRA.
  4320 | D:6      | 4320 ||| DRINKING 2 metallic puce potions.
  4321 | D:6      | 4321 ||| DRINKING 2 viscous coppery potions.
  4322 | D:6      | 4322 ||| READING 2 scrolls of identify.
  4322 | D:6      | 4322 ||| IDENTIFYING blue potion
  4323 | D:6      | 4323 ||| DROPPING potion of ambrosia.
  4665 | D:6      | Reached skill level 8 in Axes
  4666 | D:6      | 4666 ||| Stepping ~*~*~tactically~*~*~ (hiding).
  4667 | D:6      | 4667 ||| Stepping ~*~*~tactically~*~*~ (stealth).
  4675 | D:6      | 4675 ||| DRINKING 4 potions of curing.
  4675 | D:6      | 4675 ||| (to cure confusion)
  4779 | D:6      | 4779 ||| Stepping ~*~*~tactically~*~*~ (hiding).
  4781 | D:6      | 4781 ||| Stepping ~*~*~tactically~*~*~ (hiding).
  4803 | D:6      | Reached skill level 6 in Fighting
  4832 | D:6      | 4832 ||| Stepping ~*~*~tactically~*~*~ (hiding).
  4834 | D:6      | 4834 ||| Stepping ~*~*~tactically~*~*~ (hiding).
  4953 | D:6      | Identified the +0 plate armour of Makhleb's Grace {rN+
                  | Slay-5 SInv}
  4962 | D:6      | 4962 ||| SWAPPING to +0 broad axe.
  4963 | D:6      | 4963 ||| DROPPING +1 war axe.
  4971 | D:6      | 4971 ||| Stepping ~*~*~tactically~*~*~ (hiding).
  4972 | D:6      | 4972 ||| Stepping ~*~*~tactically~*~*~ (hiding).
  5021 | D:6      | Found a staircase to the Ecumenical Temple.
  5022 | D:6      | 5022 ||| PLANNING TEMPLE
  5022 | D:6      | 5022 ||| DRINKING 2 purple potions.
  5023 | D:6      | 5023 ||| READING 3 scrolls of identify.
  5023 | D:6      | 5023 ||| IDENTIFYING inky potion
  5024 | D:6      | 5024 ||| READING 2 scrolls of identify.
  5024 | D:6      | 5024 ||| IDENTIFYING golden potion
  5025 | D:6      | 5025 ||| DROPPING potion of invisibility.
  5032 | Temple   | Entered the Ecumenical Temple
  5207 | Temple   | 5207 ||| PLANNING D:1-11
  5281 | D:6      | 5281 ||| SHOPLISTING amulet of Vitality {RegenMP++ Regen++}
                  | (1300 gold, have 229).
  5281 | D:6      | 5281 ||| BUYING potion of lignification (39 gold).
  5281 | D:6      | Bought a potion of lignification for 39 gold pieces
  5281 | D:6      | 5281 ||| BUYING scroll of identify (26 gold).
  5281 | D:6      | Bought a scroll of identify for 26 gold pieces
  5329 | D:6      | 5329 ||| READING 2 scrolls of identify.
  5329 | D:6      | 5329 ||| IDENTIFYING viscous dark potion
  5330 | D:6      | 5330 ||| DROPPING potion of degeneration.
  5425 | D:7      | Reached XP level 9. HP: 56/56 MP: 9/9
  5435 | D:7      | Reached skill level 9 in Axes
  5441 | D:7      | 5441 ||| Stepping ~*~*~tactically~*~*~ (stealth).
  5732 | D:7      | Reached skill level 1 in Throwing
  5932 | D:7      | Found an iron altar of Okawaru.
  5933 | D:7      | 5933 ||| PLANNING OKAWARU WORSHIP
  5933 | D:7      | 5933 ||| DROPPING ring of magical power.
  5934 | D:7      | 5934 ||| READING scroll labelled XIASKI CEWN.
  5935 | D:7      | 5935 ||| READING scroll labelled VIUSY JITUETZO.
  5970 | D:7      | 5970 ||| READING 2 scrolls of identify.
  5970 | D:7      | 5970 ||| IDENTIFYING brown potion
  5971 | D:7      | 5971 ||| DROPPING potion of brilliance.
  6036 | D:7      | Became a worshipper of Warmaster Okawaru
  6036 | D:7      | 6036 ||| PLANNING D:1-11
  6037 | D:7      | 6037 ||| REMOVING amulet of guardian spirit.
  6491 | D:7      | 6491 ||| READING scroll labelled YBUQAU BIQER.
  6492 | D:7      | 6492 ||| READING scroll labelled GYNIRGHADIE.
  6528 | D:8      | 6528 ||| Stepping ~*~*~tactically~*~*~ (hiding).
  6548 | D:8      | HP: 12/57 [steam dragon] (7)]
  6549 | D:8      | 6549 ||| READING 3 scrolls of teleportation.
  6551 | D:8      | HP: 1/57 [steam dragon] (12)]
  6776 | D:8      | 6776 ||| Stepping ~*~*~tactically~*~*~ (stealth).
  6803 | D:8      | 6803 ||| Stepping ~*~*~tactically~*~*~ (stealth).
  6817 | D:8      | Reached skill level 10 in Axes
  6881 | D:8      | 6881 ||| Stepping ~*~*~tactically~*~*~ (stealth).
  6885 | D:8      | 6885 ||| Stepping ~*~*~tactically~*~*~ (stealth).
  6917 | D:8      | 6917 ||| Stepping ~*~*~tactically~*~*~ (stealth).
  6924 | D:8      | 6924 ||| Stepping ~*~*~tactically~*~*~ (hiding).
  6925 | D:8      | 6925 ||| Stepping ~*~*~tactically~*~*~ (hiding).
  6926 | D:8      | 6926 ||| Stepping ~*~*~tactically~*~*~ (hiding).
  6927 | D:8      | 6927 ||| Stepping ~*~*~tactically~*~*~ (hiding).
  6933 | D:8      | Reached * piety under Okawaru
  6934 | D:8      | Reached skill level 6 in Armour
  6967 | D:8      | 6967 ||| INVOKING Heroism.
  6969 | D:8      | Reached XP level 10. HP: 40/63 MP: 7/10
  7066 | D:8      | 7066 ||| Stepping ~*~*~tactically~*~*~ (hiding).
  7079 | D:8      | Reached skill level 1 in Invocations
  7081 | D:8      | 7081 ||| INVOKING Heroism.
  7085 | D:8      | 7085 ||| Stepping ~*~*~tactically~*~*~ (stealth).
  7089 | D:8      | 7089 ||| Stepping ~*~*~tactically~*~*~ (stealth).
  7098 | D:8      | 7098 ||| Stepping ~*~*~tactically~*~*~ (stealth).
  7160 | D:8      | Noticed a kobold demonologist
  7161 | D:8      | 7161 ||| Stepping ~*~*~tactically~*~*~ (stealth).
  7163 | D:8      | Noticed a sixfirhy
  7164 | D:8      | 7164 ||| Stepping ~*~*~tactically~*~*~ (hiding).
  7174 | D:8      | 7174 ||| INVOKING Heroism.
  7190 | D:8      | Noticed a kobold demonologist
  7190 | D:8      | HP: 16/64 [ice devil[a kobold demonologist] (20)]
  7191 | D:8      | 7191 ||| READING 2 scrolls of teleportation.
  7192 | D:8      | Killed a kobold demonologist
  7463 | D:8      | Noticed a sun demon
  7470 | D:8      | HP: 14/65 [sun demon[a kobold demonologist] (12)]
  7470 | D:8      | Slain by a sun demon

Levels and vault maps discovered:
D:1:      ebering_trefoil_twist, layout_loops_corners
D:2:      wander_river, layout_loops_ring,
          chequers_ecumenical_altar_simple_redux
D:3:      layout_loops_ring, fedhas_ov_isle_minmay
D:4:      nicolae_BIG_FREAKIN_CUBE, layout_layer_cave,
          mainiacjoe_overflow_concentric_impassable,
          mainiacjoe_overflow_tiny_flanked, minmay_misc_feat_ornament
D:5:      layout_loops_cross, lemuel_coloured_pillars_altar
D:6:      minmay_flawed_box, layout_rooms, minmay_temple_entry_statues,
          serial_shops, shop, kennysheep_doodads, hangedman_decor_riveting,
          dk_vineyard_3
D:7:      layout_cave_pods, okawaru_humans, minmay_mini_ossuary
D:8:      layout_basic
Temple:   eino_temple_rhombus

Skill      XL: |  1  2  3  4  5  6  7  8  9 10 |
---------------+-------------------------------+-----
Axes           | 2 3 4 5 6 7 8 10 | 10.1
Fighting       | 4 5 6 7 8 |  8.5
Dodging        | 1 |  1.0
Armour         | 4 6 |  6.1
Shields        | 4 |  4.2
Throwing       | 1 |  1.0
Invocations    | 1 |  1.3

Action                     |  1- 3 |  4- 6 |  7- 9 | 10-12 || total
---------------------------+-------+-------+-------+-------++-------
  Melee: War axe           |    84 |   154 |   145 |       ||   383
         Broad axe         |       |       |   184 |    42 ||   226
  Throw: Boomerang         |       |       |    25 |     8 ||    33
 Invoke: Heroism           |       |       |     1 |     2 ||     3
    Use: Scroll            |     1 |     6 |    11 |     1 ||    19
         Potion            |       |     1 |     4 |       ||     5
 Armour: Scale mail        |    32 |       |       |       ||    32
         Ring mail         |    10 |    32 |       |       ||    42
         Chain mail        |       |    45 |   152 |    22 ||   219
  Dodge: Dodged            |    32 |   122 |   181 |    34 ||   369
  Block: Buckler           |    18 |    35 |    45 |    15 ||   113

Table legend:
 A = Non-vault XP
 B = Vault XP
 C = Vault XP percentage of total XP
 D = Non-vault monster count
 E = Vault monster count
 F = Vault count percentage of total count
                 A         B        C        D         E       F
            +---------+---------+-------+---------+---------+-------
      Total |    4530 |     731 |  13.9 |     155 |      16 |   9.4
            +---------+---------+-------+---------+---------+-------
        D:1 |      48 |       0 |   0.0 |      21 |       0 |   0.0
        D:2 |      53 |       0 |   0.0 |      12 |       0 |   0.0
        D:3 |     118 |       0 |   0.0 |      20 |       0 |   0.0
        D:4 |     264 |       0 |   0.0 |      17 |       0 |   0.0
        D:5 |     780 |       0 |   0.0 |      27 |       0 |   0.0
        D:6 |     563 |     307 |  35.3 |      10 |       9 |  47.4
        D:7 |     968 |     424 |  30.5 |      23 |       7 |  23.3
        D:8 |    1736 |       0 |   0.0 |      25 |       0 |   0.0
            +---------+---------+-------+---------+---------+-------
